 Dungeon Crawl Stone Soup version 0.22.0-49-gab54619674 (webtiles) character file.

87 JedernureinKreuz the Conjurer (level 4, -2/24 HPs)
             Began as a Deep Elf Conjurer on Sept 7, 2018.
             Slain by an orc wizard
             ... wielding a +0 dagger
              (5 damage)
             ... on level 2 of the Dungeon.
             The game lasted 00:08:47 (1235 turns).

JedernureinKreuz the Conjurer (Deep Elf Conjurer)   Turns: 1235, Time: 00:08:48

Health: -2/24      AC:  2    Str:  5    XL:     4   Next: 28%
Magic:  9/11       EV: 13    Int: 21    God:
Gold:   53         SH:  0    Dex: 15    Spells: 6/10 levels left

rFire    . . .     SeeInvis .   g - +0 dagger
rCold    . . .     Gourm    .   (no shield)
rNeg     . . .     Faith    .   a - +0 robe
rPois    .         Spirit   .   (no helmet)
rElec    .         Reflect  .   (no cloak)
rCorr    .         Harm     .   (no gloves)
MR       +....                  (no boots)
Stlth    ++........             (no amulet)
HPRegen  0.08/turn              d - ring of protection from magic
MPRegen  0.12/turn              (no ring)

@: no status effects
A: no striking features
a: no special abilities


You were on level 2 of the Dungeon.
You were not hungry.

You visited 1 branch of the dungeon, and saw 2 of its levels.

You collected 53 gold pieces.

Inventory:

Hand Weapons
 e - a +0 short sword
 g - a +0 dagger (weapon)
Armour
 a - a +0 robe (worn)
Jewellery
 d - a ring of protection from magic (left hand)
Scrolls
 f - 2 scrolls of remove curse {unknown}
 i - 3 scrolls of amnesia {unknown}
Potions
 b - a potion of mutation {unknown}
 h - a potion of agility {unknown}
 k - a potion of cancellation {unknown}
Comestibles
 c - 2 rations
 j - a chunk of flesh


   Skills:
 + Level 1.1 Short Blades
 + Level 3.0 Dodging
 + Level 3.2 Stealth
 + Level 3.8 Spellcasting
 + Level 5.2 Conjurations


You had 6 spell levels left.
You knew the following spells:

 Your Spells              Type           Power        Failure   Level  Hunger
a - Magic Dart            Conj           ####         1%          1    None
b - Dazzling Spray        Conj/Hex       ###...       12%         3    ###....

Your spell library contained the following spells:

 Spells                   Type           Power        Failure   Level  Hunger
 Searing Ray              Conj           ####..       2%          2    #......
 Iskenderun's Mystic Bla  Conj           ####....     14%         4    ####...
 Force Lance              Conj/Tloc      ###.....     38%         4    ####...
 Fulminant Prism          Conj/Hex       ###.......   38%         4    ####...


Dungeon Overview and Level Annotations

Branches:
Dungeon (2/15)

Altars:


Message History

Casting: Magic Dart (safe; 1% risk of failure)
Confirm with . or Enter, or press ? or * to list all spells.
Aiming: Magic Dart (safe; 1% risk of failure)
Press: ? - help, Shift-Dir - straight line, f - hobgoblin
Aim: a hobgoblin, wielding a club The magic dart hits the hobgoblin.
The hobgoblin is heavily wounded.
Something hits you.
* * * LOW HITPOINT WARNING * * *
The hobgoblin hits you with a club.
* * * LOW HITPOINT WARNING * * *
Casting: Magic Dart (safe; 1% risk of failure)
Confirm with . or Enter, or press ? or * to list all spells.
Aiming: Magic Dart (safe; 1% risk of failure)
Press: ? - help, Shift-Dir - straight line, f/p - hobgoblin
Aim: a hobgoblin, wielding a club (moderately wounded)
The magic dart hits the hobgoblin.
The hobgoblin is severely wounded.
Something hits you.
You die...

#.# #.# #.......# #.#
#.# ####.####
#.#####.# #.#
#.......# #.#
#......## #.#
#......# #.# #.....>#
#.# #......# #.#
#....@(# #.# #<...g.#
#.# #......# #.#
#####(#### #.#
#####......# #.#
#.[....o##.# #.#
#.#......#.#####.#
#.#.#.#.#........รท.#
..........#.#######


You could see an orc and a hobgoblin.

Vanquished Creatures
  Natasha (twice) (D:2)
  A dart slug (D:1)
  A giant cockroach (D:1)
  4 goblins (D:1)
  8 hobgoblins
  5 bats
  4 frilled lizards
  8 kobolds (D:1)
  2 rats (D:1)
35 creatures vanquished.

Notes
Turn   | Place    | Note
-------+----------+-------------------------------------------
     0 | D:1      | JedernureinKreuz the Deep Elf Conjurer began the quest for
                  | the Orb.
     0 | D:1      | Reached XP level 1. HP: 10/10 MP: 6/6
   101 | D:1      | Reached XP level 2. HP: 7/15 MP: 4/8
   271 | D:1      | Reached skill level 5 in Conjurations
   530 | D:1      | Reached XP level 3. HP: 19/19 MP: 7/9
   749 | D:2      | Noticed Natasha
   760 | D:2      | Killed Natasha
   995 | D:1      | Learned a level 3 spell: Dazzling Spray
  1049 | D:2      | Noticed Natasha
  1058 | D:2      | Killed Natasha
  1058 | D:2      | Reached skill level 1 in Short Blades
  1058 | D:2      | Reached XP level 4. HP: 11/24 MP: 0/11
  1235 | D:2      | Slain by an orc wizard

Skill      XL: |  1  2  3 |
---------------+----------+-----
Conjurations   | 5 |  5.2
Stealth        | 3 |  3.2
Short Blades   | 1 |  1.1
Dodging        | 3 |  3.0
Spellcasting   | |  3.8

Action                   |  1- 3 |  4- 6 || total
-------------------------+-------+-------++-------
Melee: Dagger            |     2 |     2 ||     4
 Cast: Magic Dart        |    57 |    10 ||    67
       Dazzling Spray    |     2 |       ||     2
  Eat: Chunk             |       |     1 ||     1
Armor: Robe              |     2 |       ||     2
Dodge: Dodged            |     7 |     4 ||    11
